 Dungeon Crawl Stone Soup version 0.31-a0-1074-g0b22e4e0f1 (webtiles) character file.

Game seed: 12944261499305193964

124133 Lobster4 the Metamorph (level 16, -12/120 HPs)
             Began as a Merfolk Shapeshifter on Nov 27, 2023.
             Was a Follower of Uskayaw.
             Blown up by an orb spider (45 damage)
             ... with an orb of destruction
             ... on level 1 of the Spider Nest.
             The game lasted 02:17:23 (33076 turns).

Lobster4 the Metamorph (Merfolk Shapeshifter)      Turns: 33076, Time: 02:17:23

Health: -12/120    AC:  8    Str: 21    XL:     16   Next: 92%
Magic:  18/23      EV: 18    Int: 20    God:    Uskayaw [*.....]
Gold:   2318       SH: 22    Dex: 17    Spells: 19/25 levels left

rFire   + . .        A - staff of poison
rCold   + . .        i - +9 kite shield "Ranwoi" {Dex+4}
rNeg    . . .        v - melded +4 ring mail of Incorporation {-Cast Rampage rPois Str+4}
rPois   +            Y - +0 helmet of the Locust {Fly rCorr Str-3 Slay+2}
rElec   +            L - +2 cloak {Stlth+}
rCorr   +            G - +1 pair of gloves
SInv    .            Z - +1 pair of boots
Will    +....        (no amulet)
Stlth   +++          C - +6 ring of strength
HPRegen 0.40/turn    O - +6 ring of intelligence
MPRegen 0.18/turn

%: no passive effects
@: maw-form, resistant (expiring), freezing walls, flying
A: devouring maw, (nimble swimmer 2), mertail
a: Begin Untransformation, Renounce Religion, Stomp


You were on level 1 of the Spider Nest.
You worshipped Uskayaw.
Uskayaw was noncommittal.
You were a creature with a mouth for a stomach.
You visited 6 branches of the dungeon, and saw 25 of its levels.
You also visited: Gauntlet and Ice Cave.

You collected 2841 gold pieces.
You spent 523 gold pieces at shops.

Inventory:

Hand Weapons
 a - a +2 trident of protection
 b - a +0 sling
 c - a +3 trident of venom
 K - a +2 trident of draining
Missiles
 m - 29 poisoned darts (quivered)
 n - 2 throwing nets
Armour
 g - a +2 robe of cold resistance
 i - the +9 kite shield "Ranwoi" (worn) {Dex+4}
   (You acquired it on level 2 of the Dungeon)

   Dex+4:     It affects your dexterity (+4).
 k - the +4 robe of Folly {Brill Will-∞ Int+8}
   (You found it on level 3 of the Lair of Beasts)

   Brill:     It increases the power of your magical spells and halves their MP
   cost (rounding up).
   Will-∞: It reduces your willpower to zero.
   Int+8:     It affects your intelligence (+8).
 l - a +1 leather armour of fire resistance
 s - quicksilver dragon scales
 v - the +4 ring mail of Incorporation (melded) {-Cast Rampage rPois Str+4}
   (You found it on level 2 of the Dungeon)

   Str+4:     It affects your strength (+4).
   rPois:     It protects you from poison -Cast: It prevents spellcasting.
   Rampage:   It bestows one free step when moving towards enemies.
 G - a +1 pair of gloves (worn)
 L - a +2 cloak of stealth (worn)
 Y - the +0 helmet of the Locust (worn) {Fly rCorr Str-3 Slay+2}
   (You found it in a Gauntlet)

   Str-3:     It affects your strength (-3).
   Slay+2:    It affects your accuracy & damage with ranged weapons and melee
   (+2).
   Fly:       It grants you flight.
   rCorr:     It protects you from acid and corrosion.
 Z - a +1 pair of boots (worn)
Magical Staves
 j - a staff of air
 A - a staff of poison (weapon)
Jewellery
 C - a +6 ring of strength (left hand)
 O - a +6 ring of intelligence (right hand)
 V - a ring of fire
 W - a ring of protection from cold
Talismans
 d - a flux talisman
 u - a maw talisman (active)
 B - a beast talisman
 J - a serpent talisman
Wands
 o - a wand of iceblast (9)
 H - a wand of mindburst (32)
 Q - a wand of light (2)
 S - a wand of polymorph (17)
 X - a wand of paralysis (10)
Scrolls
 t - a scroll of revelation
 y - 4 scrolls of enchant armour
 z - 5 scrolls of teleportation
 M - 6 scrolls of immolation
 P - 9 scrolls of enchant weapon
 U - 3 scrolls of identify
Potions
 h - 5 potions of lignification
 p - 2 potions of resistance
 r - a potion of mutation
 w - 4 potions of curing
 x - a potion of cancellation
 D - 2 potions of might
 E - 4 potions of haste
 F - 2 potions of enlightenment
 N - a potion of berserk rage
 R - 3 potions of attraction
 T - a potion of magic
Miscellaneous
 f - a lightning rod (4/4)


   Skills:
 + Level 9.4 Fighting
 - Level 15.0 Polearms
 - Level 1.0 Ranged Weapons
 - Level 1.0 Throwing
 - Level 2.0 Armour
 + Level 11.5 Dodging
 - Level 12.0 Shields
 + Level 9.7 Unarmed Combat
 - Level 5.0 Spellcasting
 + Level 9.6 Ice Magic
 - Level 3.0 Invocations
 - Level 5.0 Evocations
 + Level 20.1 Shapeshifting


You had 19 spell levels left.
You knew the following spells:

 Your Spells              Type           Power      Damage    Failure   Level
a - Ozocubu's Armour      Ice            43%        N/A       1%          3
b - Frozen Ramparts       Ice            86%        1d13      1%          3

Your spell library contained the following spells:

 Spells                   Type           Power      Damage    Failure   Level
 Ensorcelled Hibernation  Hex/Ice        48%        N/A       4%          2
 Kiss of Death            Conj/Necr      20%        2d7       21%         1
 Magic Dart               Conj           20%        1d4       21%         1
 Necrotise                Necr           20%        1d5       21%         1
 Sting                    Tmut/Pois      28%        1d4       21%         1
 Cigotuvi's Dreadful Rot  Necr/Pois/Air  14%        N/A       30%         2
 Passwall                 Tmut/Erth      4%         N/A       30%         2
 Searing Ray              Conj           10%        2d4       30%         2
 Sublimation of Blood     Necr           5%         N/A       30%         2
 Wereblood                Tmut           5%         N/A       30%         2
 Confusing Touch          Hex            5%         N/A       52%         3
 Dazzling Flash           Conj/Hex       10%        N/A       52%         3
 Swiftness                Air            5%         N/A       52%         3
 Vampiric Draining        Necr           5%         2d6       52%         3
 Metabolic Englaciation   Hex/Ice        12%        N/A       58%         5
 Brom's Barrelling Bould  Conj/Erth      5%         2d3       89%         4
 Dispel Undead            Necr           5%         3d7       89%         4
 Fulminant Prism          Conj/Hex       2%         3d5       89%         4
 Olgreb's Toxic Radiance  Pois           7%         N/A       89%         4
 Petrify                  Tmut/Erth      5%         N/A       89%         4
 Vhi's Electric Charge    Tloc/Air       10%        N/A       89%         4
 Agony                    Necr           5%         N/A       99%         5
 Alistair's Intoxication  Tmut/Pois      4%         N/A       99%         5
 Arcjolt                  Conj/Air       2%         1d12      99%         5
 Borgnjor's Vile Clutch   Necr/Erth      2%         N/A       99%         5
 Fireball                 Conj/Fire      2%         3d4       99%         5
 Irradiate                Conj/Tmut      2%         3d12      99%         5
 Iskenderun's Battlesphe  Conj           5%         2d6       99%         5
 Silence                  Hex/Air        2%         N/A       99%         5
 Simulacrum               Ice/Necr       12%        N/A       99%         6
 Conjure Ball Lightning   Conj/Air       2%         3x3d6     100%        6
 Death Channel            Necr           2%         N/A       100%        6
 Eringya's Noxious Bog    Tmut/Pois      3%         4d6       100%        6
 Orb of Destruction       Conj           2%         9d5       100%        7
 Discord                  Hex            2%         N/A       100%        8
 Disjunction              Tloc           2%         N/A       100%        8
 Ignition                 Fire           2%         3d3       100%        8
 Maxwell's Capacitive Co  Air            2%         ∞         100%        8
 Polar Vortex             Ice            21%        12d2*     100%        9


Dungeon Overview and Level Annotations

Branches:
Dungeon (15/15)            Temple (1/1) D:5            Lair (5/5) D:11
  Swamp (1/4) Lair:3       Spider (1/4) Lair:3        Slime (0/5) Lair:4
    Orc (2/2) D:9             Elf (0/3) Orc:2        Vaults (0/5) D:14
 Depths (0/4) D:15          IceCv (visited)         Gauntlet (visited)

Altars:
Ashenzari
Cheibriados
Dithmenos
Elyvilon
Fedhas
Gozag
Hepliaklqana
Kikubaaqudgha
Makhleb
Nemelex Xobeh
Okawaru
Qazlal
Ru
Sif Muna
Trog
Uskayaw
Vehumet
Wu Jian
Xom
Yredelemnul
Zin
The Shining One
Jiyva

Shops:
D:6 [*   D:7 (   D:10 :   Orc:1 :   Orc:2 (!([

Annotations:
Swamp:1 Nikola
Spider:1 Roxanne


Innate Abilities, Weirdness & Mutations

You are a creature with a mouth for a stomach.
Your midsection houses a second, enormous mouth.
((You are very nimble when in or above water. (Stealth+, EV+, Speed+++)))
Your lower body shifts to a powerful aquatic tail in water.


Message History

You start resting.
An orb spider is nearby!
The orb spider weaves a glowing orb of energy.
An orb of destruction comes into view.
You block the orb of destruction.
The orb of destruction dissipates.
Casting: Ozocubu's Armour (safe; 1% risk of failure)
Confirm with . or Enter, or press ? or * to list all spells.
Casting: Frozen Ramparts (safe; 1% risk of failure)
Press: ? - help, Dir - look around, f - activate The walls around you are covered in ice.
The wall freezes the orb spider but does no damage.
Throw: dart (curare)
Press: ? - help, Shift-Dir - straight line, f - orb spider
Aim: an orb spider (64% to hit)
You throw a curare-tipped dart.
The curare-tipped dart barely misses the orb spider.
The wall freezes the orb spider!
The orb spider begins to weave its threads into a brightly glowing ball.
Throw: 32 darts (poison)
Press: ? - help, Shift-Dir - straight line, f/p - orb spider
Aim: an orb spider (lightly wounded, fully charged, 64% to hit)
You throw a poisoned dart. The poisoned dart hits the orb spider.
The orb spider is poisoned.
The orb spider is lightly wounded.
The wall freezes the orb spider!
The orb spider weaves a glowing orb of energy.
An orb of destruction comes into view.
Throw: 31 darts (poison)
Press: ? - help, Shift-Dir - straight line, f/p - orb spider
Aim: an orb spider (heavily wounded, poisoned, 64% to hit)
You throw a poisoned dart. The poisoned dart hits the orb spider.
The orb spider is heavily wounded.
You start to feel less resistant.
Throw: 30 darts (poison)
Press: ? - help, Shift-Dir - straight line, f/p - orb spider
Aim: an orb spider (heavily wounded, poisoned, 64% to hit)
You throw a poisoned dart.
The poisoned dart closely misses the orb spider.
The orb of destruction hits you!!!
You die...

.......# ##.#
.......# #.##
.......# ##.#
......## #.#
......# #.##
##...##
##.########
##### ##.##....#
#.....###
##W.### #☼## #○#
#s# ##(# #######
#.## ..^....##
#§# ........##
##.#
.........####s##


You could see an orb spider (poisoned).

Vanquished Creatures
  Rupert (Lair:3)
  A frost giant (IceCv)
  An orc warlord (D:9)
  A reaper (Gauntlet)
  A minotaur (Gauntlet)
  A spark wasp (Spider:1)
  An ettin (D:9)
  A fire dragon (Lair:5)
  2 entropy weavers (Spider:1)
  2 rakshasas (D:15)
  4 hydras
  A catoblepas (Lair:5)
  2 vault guards (D:14)
  4 centaur warriors
  A boulder beetle (D:13)
  15 death yaks
  A death knight (D:15)
  3 two-headed ogres (D:11)
  2 tengu warriors
  An orc high priest (Orc:1)
  Nergalle (Lair:3)
  A demonic crawler (Spider:1)
  2 occultists (D:15)
  The ghost of hgbash the Geomancer, a novice GrEE of Hepliaklqana (D:10)
  2 skysharks
  2 fire crabs
  2 spriggan druids (Lair:3)
  An orb spider (Spider:1)
  2 steelbarb worms
  5 arcanists
  2 necromancers (D:15)
  5 deep elf pyromancers
  Pikel (D:8)
  6 orc knights
  2 orc sorcerers
  6 manticores
  7 ugly things
  3 moths of wrath (Spider:1)
  4 cyclopes
  A wolf spider (Spider:1)
  Maurice (D:7)
  2 centaur zombies (D:15)
  8 elephants (Lair:4)
  5 torpor snails
  10 black mambas
  2 molten gargoyles (Lair:5)
  2 gargoyles
  10 cane toads
  A centaur skeleton (D:15)
  14 komodo dragons
  9 rime drakes
  An unseen horror (D:12)
  Maggie (D:8)
  An efreet (D:13)
  2 kobold demonologists (D:12)
  A tengu conjurer (D:15)
  A yaktaur (shapeshifter) (D:13)
  4 merfolk (D:15)
  8 polar bears
  A tarantella (shapeshifter) (D:14)
  3 meliai (D:15)
  A tarantella (Spider:1)
  A wolf spider simulacrum (D:15)
  6 trolls
  A hornet (Lair:3)
  A wind drake (shapeshifter) (D:15)
  Grinder (D:3)
  Prince Ribbit (D:9)
  2 dream sheep (Lair:4)
  A polar bear (shapeshifter) (D:13)
  27 blink frogs
  5 culicivoras
  13 slime creatures
  2 shadows (D:11)
  A jumping spider (Spider:1)
  A centaur simulacrum (D:15)
  4 wyverns
  65 yaks
  4 fire bats (Gauntlet)
  29 humans
  4 wraiths
  Grum (D:9)
  7 basilisks
  9 redbacks (Spider:1)
  2 vampire mosquitoes (D:14)
  3 steam dragons
  6 wargs
  A swamp worm (Swamp:1)
  6 water moccasins
  2 acid dragons
  4 hell hounds (Lair:5)
  The ghost of Moreman the Trooper, an amateur OgFi of Trog (D:3)
  40 orc warriors
  2 sky beasts
  3 black bears
  10 boggarts (D:14)
  10 ogres
  30 centaurs
  42 wolves
  2 phantoms
  4 kobold brigands
  2 gnoll sergeants
  21 bullfrogs
  3 scorpions
  5 wights (D:9)
  3 electric eels
  2 howler monkeys
  4 lava snakes (Lair:5)
  5 jellies
  14 orc priests
  2 hounds
  7 iguanas
  15 orc wizards
  10 adders
  13 gnolls
  4 shadow imps
  14 white imps
  8 ufetubi
  2 worms
  97 orcs
  9 ball pythons
  7 bats
  8 endoplasms
  5 giant cockroaches
  6 goblins
  11 hobgoblins
  A quokka (D:1)
  3 frilled lizards
  18 kobolds
  11 rats
854 creatures vanquished.

Vanquished Creatures (others)
  Jeremiah (D:7)
  A basilisk (Lair:5)
  3 centaurs (Orc:2)
  3 orc wizards (Orc:2)
  5 orcs (Orc:2)
13 creatures vanquished.

Grand Total: 867 creatures vanquished

Notes
Turn   | Place    | Note
-------+----------+-------------------------------------------
     0 | D:1      | Lobster4 the Merfolk Shapeshifter began the quest for the
                  | Orb.
     0 | D:1      | Reached XP level 1. HP: 15/15 MP: 1/1
   166 | D:1      | Reached XP level 2. HP: 21/21 MP: 2/2
   252 | D:1      | Reached skill level 5 in Shapeshifting
   275 | D:1      | Reached XP level 3. HP: 26/26 MP: 3/3
   664 | D:1      | Found a faded altar of an unknown god.
   997 | D:2      | Reached skill level 6 in Shapeshifting
   997 | D:2      | Reached XP level 4. HP: 18/32 MP: 4/4
   997 | D:2      | Identified a scroll of acquirement
   997 | D:2      | Acquired the +9 kite shield "Ranwoi" {Dex+4}
  1145 | D:2      | Identified the +4 ring mail of Incorporation {-Cast Rampage
                  | rPois Str+4}
  1700 | D:3      | Noticed a sky beast
  1708 | D:3      | Killed a sky beast
  1709 | D:3      | Reached skill level 1 in Ranged Weapons
  1709 | D:3      | Reached skill level 1 in Shields
  1709 | D:3      | Reached skill level 7 in Shapeshifting
  1709 | D:3      | Reached XP level 5. HP: 37/37 MP: 5/5
  1746 | D:3      | Noticed a phantom
  1754 | D:3      | Killed a phantom
  1755 | D:3      | Reached skill level 1 in Evocations
  1755 | D:3      | Reached XP level 6. HP: 35/43 MP: 6/6
  2029 | D:3      | Noticed Grinder
  2042 | D:3      | Killed Grinder
  2043 | D:3      | Reached skill level 1 in Polearms
  2043 | D:3      | Reached skill level 8 in Shapeshifting
  2043 | D:3      | Reached XP level 7. HP: 34/48 MP: 7/7
  2284 | D:3      | Found a runed translucent door.
  2289 | D:3      | Noticed Moreman's ghost (amateur OgFi)
  3032 | D:4      | Learned a level 3 spell: Ozocubu's Armour
  3033 | D:5      | Entered Level 5 of the Dungeon
  3061 | D:5      | Reached XP level 8. HP: 22/54 MP: 8/8
  3212 | D:5      | Reached skill level 1 in Ice Magic
  3212 | D:5      | Reached skill level 9 in Shapeshifting
  3273 | D:5      | Found a staircase to the Ecumenical Temple.
  3291 | D:4      | Reached skill level 1 in Spellcasting
  3702 | Temple   | Entered the Ecumenical Temple
  3908 | D:5      | Found a hazy altar of Hepliaklqana.
  3923 | D:5      | Reached skill level 1 in Armour
  3937 | D:5      | Found a shadowy altar of Dithmenos.
  3938 | D:5      | Noticed a shadow
  3982 | D:5      | Reached skill level 10 in Shapeshifting
  3982 | D:5      | Reached XP level 9. HP: 53/59 MP: 10/10
  4253 | D:6      | Reached skill level 5 in Polearms
  4299 | D:6      | Learned a level 3 spell: Frozen Ramparts
  4415 | D:6      | Reached skill level 1 in Throwing
  4480 | D:6      | You fall into a shaft and drop 2 floors!
  4481 | D:8      | Noticed Maggie
  4489 | D:8      | Found a glowing golden altar of the Shining One.
  4489 | D:8      | Found a snail-covered altar of Cheibriados.
  4491 | D:8      | Found an ornate altar of the Wu Jian Council.
  4491 | D:8      | Found a hide-covered altar of Uskayaw.
  4497 | D:8      | Became a worshipper of Uskayaw the Reveller
  4520 | D:7      | Noticed Maurice
  4560 | D:7      | Found Reecic's Weapon Shop.
  4579 | D:7      | Reached * piety under Uskayaw
  4583 | D:7      | Reached ** piety under Uskayaw
  4584 | D:7      | Killed Maurice
  4585 | D:7      | Reached skill level 5 in Shields
  4585 | D:7      | Reached skill level 1 in Invocations
  4587 | D:7      | Reached *** piety under Uskayaw
  4652 | D:7      | Noticed a troll
  4658 | D:7      | Killed a troll
  4659 | D:7      | Reached skill level 11 in Shapeshifting
  4698 | D:7      | Noticed Jeremiah
  4757 | D:6      | Found Feviriaz's Antique Armour Boutique.
  4797 | D:6      | Found a shimmering altar of Xom.
  5215 | D:6      | Found Eprinyll's Lightly-Used Armoury.
  5650 | D:7      | Killed Jeremiah
  6171 | D:7      | Found a bloodstained altar of Trog.
  6279 | D:7      | Reached XP level 10. HP: 67/67 MP: 12/12
  6522 | D:8      | Noticed Pikel
  6542 | D:8      | Killed Pikel
  6543 | D:8      | Reached skill level 12 in Shapeshifting
  6549 | D:8      | Reached **** piety under Uskayaw
  7270 | D:9      | Noticed Prince Ribbit
  7278 | D:9      | Killed Prince Ribbit
  7804 | D:9      | Reached ***** piety under Uskayaw
  7819 | D:9      | Reached ****** piety under Uskayaw
  7950 | D:9      | Noticed Grum
  7968 | D:9      | Killed Grum
  7973 | D:9      | Found a stormy altar of Qazlal.
  8171 | D:9      | Found a staircase to the Orcish Mines.
  8305 | D:9      | Reached XP level 11. HP: 54/76 MP: 13/13
  8643 | D:10     | Entered Level 10 of the Dungeon
  8660 | D:10     | Found Qeutwou's Vocational Training.
  8673 | D:10     | Reached skill level 13 in Shapeshifting
  8888 | D:10     | Reached skill level 5 in Unarmed Combat
  9059 | D:10     | Found a runed translucent door.
  9064 | D:10     | Noticed hgbash's ghost (novice GrEE)
  9064 | D:10     | Noticed a deep elf pyromancer
  9415 | D:11     | Noticed a two-headed ogre
  9612 | D:11     | Noticed a two-headed ogre
  9621 | D:11     | Killed a two-headed ogre
  9660 | D:11     | Noticed a death yak
  9909 | D:11     | Noticed a death yak
  9937 | D:11     | Killed a death yak
  9970 | D:11     | Killed a death yak
  9971 | D:11     | Reached skill level 5 in Evocations
  9997 | D:11     | Found a staircase to the Lair.
 10001 | D:11     | Noticed a death yak
 10008 | D:11     | Noticed a death yak
 10018 | D:11     | Noticed a death yak
 10055 | D:10     | Killed a death yak
 10083 | D:10     | Killed a death yak
 10083 | D:10     | Killed a death yak
 10084 | D:10     | Reached skill level 14 in Shapeshifting
 10232 | D:11     | Reached XP level 12. HP: 85/85 MP: 15/15
 10240 | D:11     | Found a shadowy altar of Dithmenos.
 10441 | D:11     | Killed a two-headed ogre
 10442 | D:11     | Reached skill level 5 in Fighting
 10835 | D:11     | Noticed a two-headed ogre
 10845 | D:11     | Killed a two-headed ogre
 11262 | Orc:1    | Entered Level 1 of the Orcish Mines
 11262 | Orc:1    | Noticed an orc high priest
 11262 | Orc:1    | Found Ivodull's Book Shop.
 11275 | Orc:1    | Noticed an ettin
 11293 | D:9      | Killed an ettin
 11405 | Orc:1    | Killed an orc high priest
 11406 | Orc:1    | Reached skill level 10 in Polearms
 11869 | Orc:1    | Reached skill level 5 in Ice Magic
 11875 | Orc:1    | Found an iron altar of Okawaru.
 12091 | Orc:2    | Entered Level 2 of the Orcish Mines
 12091 | Orc:2    | Noticed an orc warlord
 12091 | Orc:2    | Found a staircase to the Elven Halls.
 12108 | Orc:2    | Found Tusit's Armour Shop.
 12337 | Lair:1   | Entered Level 1 of the Lair of Beasts
 13005 | Lair:1   | Reached skill level 15 in Shapeshifting
 13644 | Lair:2   | Reached XP level 13. HP: 93/93 MP: 12/17
 13668 | Lair:2   | Reached skill level 5 in Dodging
 14611 | Lair:3   | Noticed Rupert
 14824 | Lair:3   | Reached skill level 16 in Shapeshifting
 15206 | Lair:3   | Noticed Nergalle
 15229 | Lair:3   | Killed Nergalle
 15521 | Lair:3   | Identified the +5 ring mail "Neqilett" {+Blink Will+}
 15563 | Lair:3   | Killed Rupert
 15780 | Lair:3   | Found the +4 robe of Folly {Brill Will-∞ Int+8}
 16158 | Lair:3   | Found a staircase to the Swamp.
 16223 | Lair:3   | Found a hole to the Spider Nest.
 16606 | Lair:4   | Reached XP level 14. HP: 57/103 MP: 11/18
 16611 | Lair:4   | Reached skill level 17 in Shapeshifting
 16634 | Lair:4   | Reached skill level 10 in Shields
 17269 | Lair:4   | Found a staircase to the Slime Pits.
 17272 | Lair:4   | Found a viscous altar of Jiyva.
 17605 | Lair:5   | Entered Level 5 of the Lair of Beasts
 18112 | Lair:5   | Reached skill level 18 in Shapeshifting
 18682 | Lair:5   | Found a large runed translucent door.
 18993 | Lair:5   | Got the Discursus on Metamorphic Places
 19494 | Lair:5   | Found a large runed translucent door.
 20127 | D:11     | Reached XP level 15. HP: 108/108 MP: 16/19
 20936 | D:12     | Found a gate leading to a gauntlet.
 20949 | Gauntlet | Entered a Gauntlet
 20949 | Gauntlet | Found a transporter.
 20949 | Gauntlet | Found a transporter.
 20950 | Gauntlet | Found a transporter.
 20950 | Gauntlet | Found a transporter.
 20953 | Gauntlet | Found a transporter.
 20953 | Gauntlet | Found a transporter.
 20963 | Gauntlet | Found a transporter.
 20963 | Gauntlet | Found a transporter.
 20967 | Gauntlet | Found a transporter.
 20977 | Gauntlet | Found a transporter.
 21082 | Gauntlet | Found a transporter.
 21092 | Gauntlet | Found a transporter.
 21296 | Gauntlet | Identified the +0 helmet of the Locust {Fly rCorr Str-3
                  | Slay+2}
 21562 | Gauntlet | Reached skill level 19 in Shapeshifting
 21823 | Gauntlet | Identified the +1 robe of the Painted God {rN+ Regen+ Str+3
                  | Dex-2}
 21824 | Gauntlet | Got the Excursus on Variation and the Iceberg
 21829 | Gauntlet | Identified the +2 scale mail of Forking Paths {Will+ Str+4
                  | Dex-4}
 23170 | D:13     | Found a frozen archway.
 23340 | IceCv    | Entered an ice cave
 23439 | IceCv    | Reached skill level 10 in Dodging
 23886 | IceCv    | Noticed a frost giant
 23900 | IceCv    | Killed a frost giant
 26428 | D:14     | Paralysed by a human for 4 turns
 26443 | D:14     | Paralysed by a human for 2 turns
 26624 | D:14     | Reached XP level 16. HP: 98/116 MP: 16/22
 26736 | D:14     | Found a gate to the Vaults.
 27218 | D:15     | Entered Level 15 of the Dungeon
 27241 | D:15     | Reached skill level 15 in Polearms
 28414 | D:15     | Found a blossoming altar of Fedhas.
 28587 | D:15     | Found an ornate altar of the Wu Jian Council.
 28947 | D:15     | Reached skill level 5 in Spellcasting
 29036 | D:15     | Found a staircase to the Depths.
 29546 | D:3      | Killed Moreman's ghost
 29738 | D:8      | Killed Maggie
 29871 | D:10     | Killed hgbash's ghost
 30769 | Orc:2    | Found Ollab's Weapon Boutique.
 30769 | Orc:2    | Found Tauchaep's Distillery.
 30769 | Orc:2    | Found Yrou's Antique Weapon Emporium.
 31003 | Orc:2    | Bought a potion of haste for 140 gold pieces
 31003 | Orc:2    | Bought a potion of haste for 140 gold pieces
 31003 | Orc:2    | Bought a potion of resistance for 140 gold pieces
 31378 | D:6      | Bought a pair of gloves for 103 gold pieces
 31633 | Swamp:1  | Entered Level 1 of the Swamp
 31635 | Swamp:1  | Noticed Nikola
 31743 | Spider:1 | Entered Level 1 of the Spider Nest
 31936 | Spider:1 | Reached skill level 20 in Shapeshifting
 32342 | Spider:1 | Noticed Roxanne
 33048 | Spider:1 | HP: 6/120 [spark wasp (5)]
 33076 | Spider:1 | Blown up by an orb spider

Illustrated notes

Levels and vault maps discovered:
D:1:      dpeg_arrival_prison, layout_basic, shapermc_ecumenical_altar_pompeii,
          minmay_curled_crystal, minmay_hexomino_c4
D:2:      layout_basic, chequers_serial_rivers_small_b
D:3:      layout_loops_ring, ebering_ghost_reflecting_pool, uniq_grinder
D:4:      layout_loops_cross
D:5:      layout_rooms, riverfiend_overflow_shadow_ancestor,
          minmay_temple_entry_stoned_glass
D:6:      lemuel_ice_spiral_2, layout_basic, mainiacjoe_overflow_catwalk,
          serial_shops, shop, serial_park_tiny_2, minmay_shop_damaged
D:7:      layout_loops_corners, trog_book, serial_shops,
          nicolae_take_the_stairs, small_statue_alley_b, uniq_maurice,
          uniq_jeremiah
D:8:      layout_gridville, mainiacjoe_overflow_alcove_3, uniq_pikel,
          uniq_maggie
D:9:      layout_stronghold, kennysheep_mini_moat, hiddenorc1_lemuel,
          serial_glass, glass_columns_c, glass_columns_c, glass_columns_c,
          glass_columns_a, uniq_prince_ribbit1, uniq_grum
D:10:     layout_basic, ebering_ghost_inner_flame, nicolae_shop_vocational
D:11:     layout_basic, dpeg_lair_monsters, kennysheep_big_empty_room,
          st_stairs_2, nicolae_dithmenos_the_darkroom
D:12:     layout_long_grid, gauntlet_entry_generic
D:13:     layout_loops_ring, portal_ice_cave_entry_imps, drop_trap
D:14:     layout_gridville, grunt_vaults_entry_tiered, serial_bayou_pond_e
D:15:     grunt_enter_depths_magical_seal, layout_loops_ring, fedhas_altar_2,
          roadster_trireme
Temple:   nicolae_temple_bog_church
Lair:1:   layout_cave_pods, lemuel_fruit_tree
Lair:2:   layout_cave_shapes, wad_woods_road_03
Lair:3:   layout_regular_city, mainiacjoe_swamp_entry_angry_trees,
          hellmonk_spider_entry_life_and_decay, serial_bayou_pond_b,
          serial_bayou_ford_a, chequers_serial_rivers_micro_c,
          lemuel_fruit_fields, infiniplex_staircase_pool_2, uniq_nergalle,
          uniq_rupert
Lair:4:   layout_loops_ring, nicolae_slime_entry_field_trip, grunt_megastairs_5,
          serial_bayou_shore_a
Lair:5:   cheibrodos_lair_end_hotspot, layout_long_grid
Swamp:1:  layout_basic_swamp, evilmike_swamp_ruin_house_2, uniq_nikola
Spider:1: layout_cave_pods, drop_trap, uniq_roxanne
Orc:1:    layout_caves, serial_shops, shop, okawaru_metal_pillars_1_2
Orc:2:    st_orc_rangers, layout_caves

Skill      XL: |  1  2  3  4  5  6  7  8  9 10 11 12 13 14 15 16 |
---------------+-------------------------------------------------+-----
Shapeshifting  | 5 6 7 8 10 11 12 14 15 16 18 19 20 | 20.1
Ranged Weapons | 1 |  1.0
Shields        | 1 2 3 4 5 6 7 8 9 10 11 12 | 12.0
Evocations     | 1 2 3 4 5 |  5.0
Polearms       | 1 3 4 6 8 9 10 12 13 14 15 | 15.0
Ice Magic      | 2 3 4 5 7 8 9 |  9.6
Spellcasting   | 1 2 3 4 5 |  5.0
Armour         | 1 2 |  2.0
Throwing       | 1 |  1.0
Fighting       | 2 3 4 5 7 9 |  9.4
Invocations    | 3 |  3.0
Unarmed Combat | 4 5 7 8 9 |  9.7
Dodging        | 3 4 7 9 10 11 | 11.5

Action                     |  1- 3 |  4- 6 |  7- 9 | 10-12 | 13-15 | 16-18 || total
---------------------------+-------+-------+-------+-------+-------+-------++-------
  Melee: Unarmed           |    10 |       |       |       |    56 |    24 ||    90
         Trident           |       |       |   219 |   618 |  1134 |   480 ||  2451
         Tailslap          |       |       |       |     4 |     1 |       ||     5
         Maw               |       |       |       |   118 |   236 |   156 ||   510
         Constrict         |       |       |       |       |    12 |     1 ||    13
         Staff             |       |       |       |       |       |    51 ||    51
   Fire: Sling             |   117 |   106 |   164 |    69 |    53 |    14 ||   523
  Throw: Dart              |       |       |     8 |    48 |    53 |    22 ||   131
         Throwing net      |       |       |       |       |       |     1 ||     1
   Cast: Ozocubu's Armour  |       |       |       |    19 |   110 |    37 ||   166
         Frozen Ramparts   |       |       |       |    12 |   121 |    43 ||   176
 Invoke: Stomp             |       |       |       |     1 |     3 |       ||     4
         Grand Finale      |       |       |       |     1 |     2 |       ||     3
         Line Pass         |       |       |       |     1 |       |       ||     1
  Evoke: Wand              |       |     2 |     8 |    25 |    31 |     1 ||    67
         Lightning rod     |       |       |       |       |       |     1 ||     1
    Use: Scroll            |     1 |     8 |     3 |    12 |    15 |     5 ||    44
         Potion            |       |       |     4 |     4 |     3 |    11 ||    22
   Stab: Paralysed         |       |       |     4 |    46 |   100 |    46 ||   196
         Sleeping          |       |       |       |     2 |     4 |     2 ||     8
         Invisible         |       |       |       |     6 |     1 |    11 ||    18
         Distracted        |       |       |       |     1 |     1 |     1 ||     3
         Held in net/web   |       |       |       |       |       |     1 ||     1
 Armour: Animal skin       |     4 |       |       |       |       |       ||     4
         Leather armour    |    23 |       |       |       |       |       ||    23
         Scale mail        |    11 |       |       |       |       |       ||    11
         Ring mail         |       |    18 |   136 |    67 |       |    49 ||   270
         Skin              |       |       |    34 |   120 |   248 |   142 ||   544
         Robe              |       |       |       |       |   172 |       ||   172
  Dodge: Dodged            |    53 |    18 |    94 |   154 |   389 |   197 ||   905
  Block: Kite shield       |       |    74 |   365 |   630 |  1053 |   480 ||  2602
   Form: Beast             |       |       |     2 |     2 |     2 |     2 ||     8
                           |       |       |     1 |     2 |     1 |       ||     4
         Maw               |       |       |       |     1 |     2 |     1 ||     4
         Anaconda          |       |       |       |       |     1 |     1 ||     2
         Flux              |       |       |       |       |       |     1 ||     1

Table legend: (Time is in decaauts)
 A = Elapsed time spent in this place.
 B = Non-inter-level travel time spent in this place.
 C = Inter-level travel time spent in this place.
 D = Time resting spent in this place.
 E = Time spent auto-exploring this place.
 F = Levels seen in this place.
 G = Mean time per level.
                   A        B        C        D        E       F      G
               +--------+--------+--------+--------+--------+-----+--------+
         Total |  32843 |  30118 |   2725 |   5421 |  17157 |  27 | 1216.4 |
       Dungeon |  19801 |  17862 |   1939 |   2609 |  11065 |  15 | 1320.1 |
        Temple |      1 |      1 |      0 |      0 |      0 |   1 |    1.0 |
          Lair |   7964 |   7304 |    660 |   1074 |   4338 |   5 | 1592.8 |
         Swamp |      9 |      9 |      0 |      0 |      0 |   1 |    9.0 |
   Spider Nest |   1245 |   1245 |      0 |    360 |    528 |   1 | 1245.0 |
  Orcish Mines |   1834 |   1710 |    124 |    431 |    680 |   2 |  917.0 |
      Ice Cave |    931 |    931 |      0 |    256 |    403 |   1 |  931.0 |
      Gauntlet |   1054 |   1054 |      0 |    690 |    142 |   1 | 1054.0 |
               +--------+--------+--------+--------+--------+-----+--------+

Top non-repeatable levels by time:
     D:9: 2498 daAuts
  Lair:5: 2255 daAuts
  Lair:3: 2009 daAuts
    D:11: 1892 daAuts
    D:14: 1844 daAuts
    D:15: 1728 daAuts
  Lair:2: 1531 daAuts
    D:13: 1512 daAuts
     D:6: 1390 daAuts
    D:10: 1332 daAuts
   Orc:1: 1279 daAuts
Spider:1: 1245 daAuts
     D:7: 1179 daAuts
     D:3: 1134 daAuts
  Lair:1: 1085 daAuts
